 Dungeon Crawl Stone Soup version 0.31.0-32-g396128a36d (webtiles) character file.

Game seed: 3915642191174307100

32825 Delver the Destroyer (level 13, -7/107 HPs)
             Began as a Pale Draconian Conjurer on Mar 14, 2024.
             Was an Elder of Kikubaaqudgha.
             Mangled by Rupert
             ... wielding a +1 battleaxe of venom
              (29 damage)
             ... on level 4 of the Lair of Beasts on Mar 16, 2024.
             The game lasted 06:57:26 (15879 turns).

Delver the Destroyer (Pale Draconian Conjurer)     Turns: 15879, Time: 06:57:56

Health: -7/107     AC: 14    Str:  9    XL:     13   Next: 33%
Magic:  18/41      EV: 30    Int: 23    God:    Kikubaaqudgha [****..]
Gold:   597        SH:  0    Dex: 13    Spells: 3/26 levels left

rFire   + . .        v - +1 bardiche "Leusiw" {vamp, rC+ rCorr MP+9 Dex+2}
rCold   + + .        (shield currently unavailable)
rNeg    + . .        (body armour unavailable)
rPois   .            X - +1 hat
rElec   .            o - scarf {rC+ rF+}
rCorr   +            G - +2 pair of gloves
SInv    .            j - +1 pair of boots
Will    .....        p - amulet of the acrobat
Stlth   ++++         C - ring of magical power
HPRegen 0.37/turn    N - ring of positive energy
MPRegen 0.27/turn

%: acrobat
@: lethally poisoned (-7 -> -25), about to teleport, acrobatic, very slightly
contaminated
A: breathe steam, AC +8, unfitting armour, cold-blooded, steam resistance
a: Breathe Steam, Renounce Religion, Unearth Wretches


You were on level 4 of the Lair of Beasts.
You worshipped Kikubaaqudgha.
Kikubaaqudgha was greatly pleased with you.
You visited 3 branches of the dungeon, and saw 15 of its levels.
You also visited: Ossuary and Bailey.

You collected 841 gold pieces.
You spent 244 gold pieces at shops.

Inventory:

Hand Weapons
 l - a +3 war axe of freezing
 v - the +1 bardiche "Leusiw" (weapon) {vamp, rC+ rCorr MP+9 Dex+2}
   (You found it in a bailey)

   Dex+2:     It affects your dexterity (+2).
   rC+:       It protects you from cold.
   MP+9:      It affects your magic capacity (+9).
   rCorr:     It protects you from acid and corrosion.
 F - a +2 dagger of draining
 I - a +0 shortbow of draining
 S - a +4 vampiric dire flail
 T - a +4 trident of draining
Missiles
 c - 5 javelins
 w - 61 poisoned darts (quivered)
 x - a throwing net
 z - 5 boomerangs
Armour
 b - a +0 buckler
 j - a +1 pair of boots (worn)
 o - a scarf of resistance (worn)
 G - a +2 pair of gloves (worn)
 K - the +18 shield of the Gong {Loud rN+ Will+ rCorr EV-5}
   (You found it on level 4 of the Lair of Beasts)

   Loud:      It is deafeningly noisy when blocking attacks.
   EV-5:      It affects your evasion (-5).
   rN+:       It protects you from negative energy.
   Will+:     It increases your willpower.
   rCorr:     It protects you from acid and corrosion.
 X - a +1 hat (worn)
Magical Staves
 L - a staff of conjuration
 Y - a staff of air
Jewellery
 p - an amulet of the acrobat (around neck)
 q - an amulet of faith
 s - a ring of see invisible
 y - a ring of resist corrosion
 C - a ring of magical power (left hand)
 N - a ring of positive energy (right hand)
 Q - a ring of ice
 Z - a ring of flight
Wands
 u - a wand of roots (5)
 A - a wand of digging (7)
 R - a wand of mindburst (7)
 W - a wand of flame (13)
Scrolls
 f - a scroll of poison
 g - a scroll of revelation
 h - 4 scrolls of teleportation
 t - a scroll of immolation
 B - a scroll of torment {unknown}
 E - a scroll of amnesia
 H - 3 scrolls of fog
 U - a scroll of acquirement {unknown}
Potions
 a - a potion of magic
 d - 6 potions of enlightenment
 e - 4 potions of heal wounds
 i - a potion of cancellation
 k - 6 potions of brilliance
 m - 7 potions of ambrosia
 n - a potion of might
 r - a potion of curing
 D - 2 potions of haste
 J - a potion of resistance {unknown}
 O - a potion of invisibility
 P - 2 potions of degeneration {unknown}
 V - a potion of lignification {unknown}


   Skills:
 + Level 8.2 Fighting
 - Level 4.0(5.7) Axes
 - Level 2.0(3.3) Maces & Flails
 * Level 6.0(6.5) Polearms
 + Level 6.6 Throwing
 + Level 7.1 Dodging
 + Level 7.7 Stealth
 - Level 4.0 Shields
 + Level 7.1 Spellcasting
 + Level 8.6 Conjurations
 + Level 8.3 Necromancy
 - Level 3.0 Air Magic
 - Level 5.0 Alchemy
 + Level 5.0 Evocations


You had 3 spell levels left.
You knew the following spells:

 Your Spells              Type           Power      Damage    Failure   Level
a - Magic Dart            Conj           100%       1d8       1%          1
b - Searing Ray           Conj           94%        2d7       1%          2
c - Cigotuvi's Dreadful   Necr/Alch/Air  66%        N/A       1%          2
d - Sting                 Conj/Alch      100%       1d9       1%          1
e - Swiftness             Air            22%        N/A       7%          3
f - Fugue of the Fallen   Necr           46%        N/A       1%          3
g - Fulminant Prism       Conj/Alch      19%        3d10      4%          4
h - Animate Dead          Necr           46%        N/A       2%          4
i - Vampiric Draining     Necr           46%        2d9       1%          3

Your spell library contained the following spells:

 Spells                   Type           Power      Damage    Failure   Level
 Kiss of Death            Conj/Necr      100%       2d13      1%          1
 Necrotise                Necr           100%       1d9       1%          1
 Mercury Vapours          Alch/Air       52%        N/A       2%          2
 Apportation              Tloc           16%        N/A       8%          1
 Summon Small Mammal      Summ           32%        N/A       8%          1
 Blink                    Tloc           16%        N/A       12%         2
 Call Imp                 Summ           16%        N/A       12%         2
 Ensorcelled Hibernation  Hex/Ice        16%        N/A       12%         2
 Ozocubu's Armour         Ice            8%         N/A       22%         3
 Passwall                 Erth           8%         N/A       22%         3
 Summon Ice Beast         Ice/Summ       8%         N/A       22%         3
 Tukima's Dance           Hex            8%         N/A       22%         3
 Dispel Undead            Necr           46%        3d18      2%          4
 Olgreb's Toxic Radiance  Alch           31%        N/A       10%         4
 Iskenderun's Mystic Bla  Conj/Tloc      27%        2d7       13%         4
 Anguish                  Hex/Necr       13%        N/A       14%         4
 Martyr's Knell           Necr/Summ      27%        N/A       14%         4
 Ignite Poison            Fire/Alch      19%        N/A       26%         4
 Borgnjor's Vile Clutch   Necr/Erth      13%        N/A       36%         5
 Death Channel            Necr           23%        N/A       36%         6
 Freezing Cloud           Conj/Ice/Air   13%        6-21      41%         5
 Manifold Assault         Tloc           8%         N/A       58%         4
 Passage of Golubria      Tloc           8%         N/A       58%         4
 Yara's Violent Unravell  Hex/Alch       9%         3d6       58%         5
 Summon Mana Viper        Hex/Summ       8%         N/A       91%         5
 Monstrous Menagerie      Summ           4%         N/A       100%        7


Dungeon Overview and Level Annotations

Branches:
Dungeon (10/15)            Temple (1/1) D:6            Lair (4/5) D:10
 Shoals (0/4) Lair:2       Spider (0/4) Lair:2      Ossuary (visited)
 Bailey (visited)
  Slime: Lair:4-5       Orc: D:9-12

Altars:
Ashenzari
Cheibriados
Dithmenos
Elyvilon
Fedhas
Gozag
Hepliaklqana
Kikubaaqudgha
Makhleb
Nemelex Xobeh
Okawaru
Qazlal
Ru
Sif Muna
Trog
Uskayaw
Vehumet
Wu Jian
Xom
Yredelemnul
Zin
The Shining One
Lugonu

Shops:
D:5 **

Portals:
Trove: D:10 (show abyssal rune of Zot)

Annotations:
D:2 Sigmund
D:7 1 runed translucent door, diceflayer's ghost, novice DsFi
Lair:4 Kirke; Rupert


Innate Abilities, Weirdness & Mutations

You can breathe blasts of scalding, opaque steam.
Your pale cyan-grey scales are hard. (AC +8)
You cannot fit into any form of body armour.
You are cold-blooded and may be slowed by cold attacks.
You are immune to the effects of steam.


Message History

There is a stone staircase leading up here.
Casting: Fulminant Prism (dangerous; 4% risk of failure)
Confirm with . or Enter, or press ? or * to list all spells.
You don't know that spell.
You closely miss Rupert. You tail-slap Rupert, but do no damage.
Rupert is heavily wounded.
Rupert roars madly and goes into a rage!
Rupert goes berserk!
The skyshark closely misses you. The skyshark misses you.
The skyshark closely misses you. Rupert misses you.
You flicker back into view.
Rupert rages.
As you read the scroll of teleportation, it crumbles to dust.
You feel strangely unstable.
Rupert hits you with a +1 battleaxe of venom!
You are poisoned.
The skyshark barely misses you. x2
The skyshark tail-slaps you but does no damage.
Casting: Fulminant Prism (dangerous; 4% risk of failure)
Confirm with . or Enter, or press ? or * to list all spells.
Aiming: Vampiric Draining (safe; 1% risk of failure)
Press: ? - help, Shift-Dir - straight line, f - Rupert
Aim: Rupert, wielding a +1 battleaxe of venom and wearing a +3 scale mail of cold resistance (heavily wounded, berserk)
You draw life force from Rupert.
You feel life coursing into your body.
You feel very sick.
Rupert hits you with a +1 battleaxe of venom!!
You are more poisoned.
Rupert hits you but does no damage.
You are more poisoned.
The skyshark misses you. The skyshark barely misses you.
The skyshark closely misses you.
You feel extremely sick.
You feel very sick. Rupert attacks as he pursues you!
Rupert hits you with a +1 battleaxe of venom!!!
* * * LOW HITPOINT WARNING * * *
Rupert hits you with a +1 battleaxe of venom!!
You die...
Rupert roars with triumph.
Kikubaaqudgha rasps: "You have failed me!
Welcome... death!"

#################################
.................................
...............<.................
.................................
.................................
.................................
...............F@...<............
................@................
...............................P.
..........................####P#P
........................##.# ####
........##.###..........# ##
........#### ###....(...#
.......#.# #........## .......###
##......<..# .......#
#.........##


You could see Rupert (berserk) and a skyshark.

Vanquished Creatures
  A two-headed ogre (D:8)
  4 death yaks
  A pharaoh ant (Lair:2)
  An orc knight (Bailey)
  7 elephants (Lair:3)
  4 cane toads
  A rime drake (Lair:1)
  Jeremiah (D:6)
  3 kobold demonologists (D:10)
  A komodo dragon (Lair:2)
  Psyche (D:10)
  A queen bee (D:9)
  A polar bear (Lair:3)
  Grinder (D:6)
  A hornet (D:10)
  2 blink frogs (Lair:3)
  A tarantella (Lair:2)
  A jumping spider (Lair:2)
  24 yaks
  A shadow (D:10)
  5 wyverns
  A vampire (D:9)
  A basilisk (Lair:4)
  Eustachio (D:6)
  Grum (D:9)
  A steam dragon (D:7)
  An acid dragon (D:10)
  A cane toad zombie (Lair:3)
  10 water moccasins
  An ice beast (D:8)
  6 orc warriors
  An elephant zombie (Lair:3)
  3 black bears
  A sky beast (D:8)
  12 wolves
  2 phantoms (D:6)
  A centaur (D:9)
  7 kobold brigands
  3 elf zombies (Ossuary)
  Blork the orc (D:6)
  18 bullfrogs
  2 scorpions
  2 water moccasin zombies
  7 wights
  2 yak zombies
  30 killer bees
  3 crimson imps (D:4)
  3 bombardier beetles
  A bullfrog zombie (Lair:4)
  2 human zombies (Ossuary)
  A basilisk zombie (Lair:4)
  3 jellies
  2 orc priests
  6 hounds
  A gnoll bouda (D:9)
  A sleepcap (D:5)
  3 iguanas (D:5)
  8 orc wizards
  6 hound zombies (Ossuary)
  2 mummies (Ossuary)
  5 gnolls (D:9)
  10 adders
  2 shadow imps
  A white imp (D:7)
  2 ufetubi (D:6)
  6 adder zombies (Ossuary)
  2 dart slugs
  3 ribbon worms
  55 orcs
  3 endoplasms
  4 giant cockroaches
  3 gnoll zombies (Ossuary)
  10 goblins
  7 hobgoblins
  2 quokkas
  4 ball pythons
  6 bats
  4 frilled lizards
  7 jackal zombies (Ossuary)
  36 kobolds
  7 kobold zombies
  3 orc zombies (Ossuary)
403 creatures vanquished.

Vanquished Creatures (collateral kills)
  Fannar (Lair:2)
  5 death yaks (Lair:2)
  2 black mambas
  6 elephants (Lair:3)
  A cane toad (Lair:2)
  A rime drake (Lair:4)
  3 komodo dragons
  A troll (D:10)
  A blink frog (Lair:3)
  A water moccasin (D:10)
  A black bear (D:10)
  9 wolves
  A bullfrog (Lair:1)
  A scorpion (Lair:2)
  A wight (D:9)
  An orc (D:10)
36 creatures vanquished.

Vanquished Creatures (others)
  2 elephants (Lair:4)
  A cane toad (Lair:3)
  2 komodo dragons (Lair:3)
  A blink frog (Lair:4)
  2 water moccasins (Lair:4)
  A cane toad zombie (Lair:2)
  3 elephant zombies (Lair:3)
  A blink frog zombie (Lair:4)
  A komodo dragon zombie (Lair:3)
  2 bullfrogs
  A water moccasin zombie (Lair:1)
  8 yak zombies
  2 bullfrog zombies
  A centaur zombie (D:9)
  A black bear zombie (D:10)
  A killer bee zombie (D:10)
  An orc zombie (D:10)
  5 kobold zombies
  82 fulminant prisms
118 creatures vanquished.

Grand Total: 557 creatures vanquished

Notes
Turn   | Place    | Note
-------+----------+-------------------------------------------
     0 | D:1      | Delver the Draconian Conjurer began the quest for the Orb.
     0 | D:1      | Reached XP level 1. HP: 14/14 MP: 3/3
   367 | D:1      | Reached XP level 2. HP: 22/22 MP: 3/5
   372 | D:1      | Learned a level 2 spell: Searing Ray
   939 | D:2      | Reached skill level 1 in Fighting
   965 | D:2      | Noticed Sigmund
  1085 | D:2      | Learned a level 2 spell: Cigotuvi's Dreadful Rot
  1506 | D:2      | Reached XP level 3. HP: 28/28 MP: 3/6
  1771 | D:2      | Reached XP level 4. HP: 35/35 MP: 7/7
  2051 | D:3      | Found a sacrificial altar of Ru.
  2061 | D:3      | Reached skill level 1 in Throwing
  2067 | D:3      | Reached skill level 1 in Axes
  2166 | D:3      | Reached skill level 1 in Shields
  2257 | D:3      | Found Zin's Purification Station.
  2266 | D:3      | Found a glowing silver altar of Zin.
  2271 | D:3      | Bought a potion of curing for 90 gold pieces
  2520 | D:4      | Noticed a phantom
  2558 | D:4      | Learned a level 1 spell: Sting
  2603 | D:4      | Found a hide-covered altar of Uskayaw.
  2644 | D:4      | Reached XP level 5. HP: 40/40 MP: 8/8
  2699 | D:4      | Reached skill level 1 in Necromancy
  2699 | D:4      | Reached skill level 1 in Alchemy
  2901 | D:4      | Found a shimmering altar of Xom.
  2918 | D:4      | Reached skill level 1 in Maces & Flails
  2918 | D:4      | Reached XP level 6. HP: 46/48 MP: 9/9
  3561 | D:5      | Entered Level 5 of the Dungeon
  3643 | D:5      | Your scales start taking on a pale cyan-grey colour.
  3643 | D:5      | Reached XP level 7. HP: 44/56 MP: 11/11
  3643 | D:5      | Gained mutation: You are immune to the effects of steam.
                  | [Pale Draconian growth]
  4266 | D:5      | Found Feimawn's General Store.
  4267 | D:5      | Found Kaerph's Specific Store.
  4274 | D:5      | Bought a scroll of teleportation for 33 gold pieces
  4430 | D:5      | Learned a level 3 spell: Swiftness
  4738 | D:6      | Noticed Jeremiah
  4923 | D:6      | Noticed Grinder
  4926 | D:6      | Paralysed by Grinder for 3 turns
  4931 | D:6      | Killed Grinder
  4932 | D:6      | Reached skill level 5 in Conjurations
  4932 | D:6      | Reached skill level 1 in Air Magic
  4932 | D:6      | Reached XP level 8. HP: 49/63 MP: 12/12
  5081 | D:6      | Noticed Eustachio
  5087 | D:6      | Killed Eustachio
  5160 | D:6      | Found a staircase to the Ecumenical Temple.
  5165 | Temple   | Entered the Ecumenical Temple
  5176 | Temple   | Became a worshipper of Kikubaaqudgha
  5604 | D:6      | Noticed Blork the orc
  5616 | D:6      | Killed Blork the orc
  5690 | D:6      | Killed Jeremiah
  5918 | D:6      | Reached XP level 9. HP: 64/69 MP: 14/14
  5922 | D:6      | Learned a level 3 spell: Fugue of the Fallen
  6135 | D:7      | Learned a level 4 spell: Fulminant Prism
  6228 | D:7      | Reached * piety under Kikubaaqudgha
  6228 | D:7      | Received a gift from Kikubaaqudgha
  6288 | D:7      | Found a sand-covered staircase.
  6293 | Ossuary  | Entered an ossuary
  6444 | Ossuary  | Reached ** piety under Kikubaaqudgha
  6769 | D:5      | Bought a +1 hat for 121 gold pieces
  6888 | D:7      | Found a runed translucent door.
  6891 | D:7      | Noticed diceflayer's ghost (novice DsFi)
  7276 | D:8      | Found a flagged portal.
  7448 | D:8      | Reached *** piety under Kikubaaqudgha
  7448 | D:8      | Received a gift from Kikubaaqudgha
  7543 | Bailey   | Entered a bailey
  7715 | Bailey   | Noticed an orc knight
  7748 | Bailey   | Reached XP level 10. HP: 80/80 MP: 11/16
  7857 | Bailey   | Killed an orc knight
  7858 | Bailey   | Reached skill level 5 in Fighting
  7935 | Bailey   | Identified the +4 crystal plate armour "Nasam" {Rampage
                  | rC++ rN+ Dex+4}
  7936 | Bailey   | Identified the +1 bardiche "Leusiw" {vamp, rC+ rCorr MP+9
                  | Dex+2}
  8061 | D:8      | Found a stormy altar of Qazlal.
  8102 | D:8      | Noticed a two-headed ogre
  8108 | D:8      | Killed a two-headed ogre
  8109 | D:8      | Reached skill level 5 in Stealth
  8313 | D:8      | Reached **** piety under Kikubaaqudgha
  8349 | D:8      | Reached skill level 1 in Polearms
  8603 | D:8      | Found a burning altar of Makhleb.
  8773 | D:9      | Noticed Grum
  8785 | D:9      | Killed Grum
  8802 | D:9      | Reached skill level 5 in Spellcasting
  9003 | D:9      | Reached skill level 5 in Dodging
  9003 | D:9      | Reached skill level 5 in Necromancy
  9243 | D:9      | Found a snail-covered altar of Cheibriados.
  9339 | D:9      | Reached skill level 5 in Alchemy
  9342 | D:9      | Reached ***** piety under Kikubaaqudgha
  9348 | D:9      | Reached XP level 11. HP: 84/88 MP: 14/18
  9359 | D:9      | Learned a level 4 spell: Animate Dead
  9880 | D:9      | Found a glowing golden altar of the Shining One.
  9887 | D:9      | Found a bloodstained altar of Trog.
  9895 | D:9      | Found a shadowy altar of Dithmenos.
  9902 | D:9      | Found a blossoming altar of Fedhas.
  9910 | D:9      | Found a sparkling altar of Nemelex Xobeh.
  9917 | D:9      | Found a hazy altar of Hepliaklqana.
  9923 | D:9      | Found a radiant altar of Vehumet.
 10200 | D:10     | Entered Level 10 of the Dungeon
 10343 | D:10     | Noticed Psyche
 10345 | D:10     | Killed Psyche
 10404 | D:10     | Noticed a sixfirhy
 10406 | D:10     | Noticed a soul eater
 10571 | D:10     | Reached skill level 5 in Throwing
 10753 | D:10     | Found a portal to a secret trove of treasure.
 11014 | D:10     | Found a corrupted altar of Lugonu.
 11025 | D:10     | Found a staircase to the Lair.
 11563 | Lair:1   | Entered Level 1 of the Lair of Beasts
 11626 | Lair:1   | Reached skill level 1 in Evocations
 12431 | Lair:2   | Found a staircase to the Shoals.
 12472 | Lair:2   | Reached XP level 12. HP: 50/97 MP: 8/21
 12593 | Lair:2   | Learned a level 3 spell: Vampiric Draining
 12693 | Lair:2   | Noticed Fannar
 12708 | Lair:2   | Killed Fannar
 12827 | Lair:2   | Noticed a death yak
 12830 | Lair:2   | Noticed a death yak
 12834 | Lair:2   | Noticed a death yak
 12834 | Lair:2   | Noticed a death yak
 12836 | Lair:2   | Noticed a death yak
 12836 | Lair:2   | Noticed a death yak
 12837 | Lair:2   | Killed a death yak
 12863 | Lair:1   | Killed a death yak
 12963 | Lair:2   | Noticed a four-headed hydra
 12975 | Lair:1   | Killed a death yak
 13066 | Lair:2   | Reached ****** piety under Kikubaaqudgha
 13443 | Lair:2   | Found a hole to the Spider Nest.
 13585 | Lair:2   | Noticed a death yak
 13585 | Lair:2   | Noticed a death yak
 13586 | Lair:2   | Noticed a death yak
 13614 | Lair:2   | Killed a death yak
 13616 | Lair:2   | Killed a death yak
 13620 | Lair:2   | Killed a death yak
 13838 | Lair:2   | Killed a death yak
 13842 | Lair:2   | Killed a death yak
 13843 | Lair:2   | Killed a death yak
 13844 | Lair:2   | Reached skill level 5 in Polearms
 14478 | Lair:3   | Reached XP level 13. HP: 106/107 MP: 23/23
 15413 | Lair:4   | Noticed Rupert
 15515 | Lair:3   | Reached skill level 5 in Evocations
 15580 | Lair:4   | Paralysed by Rupert for 3 turns
 15634 | Lair:4   | Noticed Kirke
 15634 | Lair:4   | Found the +18 shield of the Gong {Loud rN+ Will+ rCorr
                  | EV-5}
 15879 | Lair:4   | Mangled by Rupert

Illustrated notes

Levels and vault maps discovered:
D:1:      scummos_arrival_simple_crosswalls, layout_basic
D:2:      layout_basic, uniq_sigmund
D:3:      layout_basic, nicolae_ru_great_annihilating_truth, zin_purify
D:4:      layout_loops_cross, nicolae_uskayaw_murder_on_the_dancefloor,
          led_xom_imps, nicolae_elevator_lobby_asterisk
D:5:      layout_basic, nicolae_kite_square_tiling_tiny, nicolae_specific_store
D:6:      layout_basic, temple_doors_e, hangedman_decor_push, uniq_jeremiah,
          uniq_eustachio, uniq_grinder, uniq_blork_the_orc
D:7:      layout_loops_ring, enter_ossuary_2, ebering_ghost_reflecting_pool,
          grunt_tough_drop
D:8:      layout_loops_cross, mainiacjoe_overflow_small_starburst,
          nicolae_overflow_crystal_walls, enter_bailey_5,
          nicolae_zen_rock_garden
D:9:      layout_roguey, grunt_temple_overflow_octagram,
          mainiacjoe_overflow_chevrons, special_room [special_room_bee],
          uniq_grum
D:10:     kennysheep_kobold_lugonu_temple, layout_basic,
          due_lair_maze_entry_diamond, enter_trove_3, uniq_psyche
Temple:   hellmonk_temple_rainy
Lair:1:   layout_chaotic_city, infiniplex_staircase_pool_2
Lair:2:   layout_cave_pods, shoals_dummy_entry,
          nicolae_spider_entry_lesser_pyramids, uniq_fannar
Lair:3:   layout_regular_city
Lair:4:   layout_big_grid, hellmonk_talismancer, uniq_kirke, uniq_rupert

Skill      XL: |  1  2  3  4  5  6  7  8  9 10 11 12 13 |
---------------+----------------------------------------+-----
Stealth        | 2 3 4 5 6 7 |  7.7
Fighting       | 1 2 3 4 5 6 7 8 |  8.2
Dodging        | 2 3 4 5 6 7 |  7.1
Throwing       | 1 2 3 4 5 6 |  6.6
Axes           | 1 2 3 4 |  4.0
Shields        | 1 2 3 4 |  4.0
Necromancy     | 1 2 3 5 7 8 |  8.3
Alchemy        | 1 2 3 4 5 |  5.0
Maces & Flails | 1 2 |  2.0
Spellcasting   | 3 4 5 6 7 |  7.1
Conjurations   | 5 6 7 8 |  8.6
Air Magic      | 1 2 3 |  3.0
Polearms       | 2 3 5 6 |  6.0
Evocations     | 2 4 5 |  5.0

Action                     |  1- 3 |  4- 6 |  7- 9 | 10-12 | 13-15 || total
---------------------------+-------+-------+-------+-------+-------++-------
  Melee: Club              |    13 |       |       |       |       ||    13
         Hand axe          |    14 |    26 |    20 |       |       ||    60
         Flail             |       |    21 |       |       |       ||    21
         Tailslap          |       |     6 |    14 |    16 |     8 ||    44
         Dagger            |       |     2 |       |       |       ||     2
         Dire flail        |       |       |    89 |       |       ||    89
         Bardiche          |       |       |       |   135 |    29 ||   164
  Throw: Javelin           |    12 |     1 |    42 |     4 |       ||    59
         Dart              |    11 |     3 |     7 |    26 |    10 ||    57
         Boomerang         |       |    22 |    29 |     2 |       ||    53
   Cast: Magic Dart        |    39 |    38 |    41 |    34 |     7 ||   159
         Searing Ray       |     7 |    18 |    39 |    65 |     8 ||   137
         Sting             |       |    18 |    34 |    26 |     7 ||    85
         Cigotuvi's Dreadf |       |       |     5 |    11 |     2 ||    18
         Fugue of the Fall |       |       |     6 |     9 |       ||    15
         Fulminant Prism   |       |       |     2 |    61 |    19 ||    82
         Swiftness         |       |       |       |     4 |     1 ||     5
         Animate Dead      |       |       |       |    20 |     4 ||    24
         Vampiric Draining |       |       |       |    17 |     6 ||    23
 Invoke: Unearth Wretches  |       |       |       |     2 |     3 ||     5
Ability: Breathe Steam     |       |       |    36 |    69 |    16 ||   121
  Evoke: Wand              |       |       |       |     4 |     3 ||     7
    Use: Scroll            |     3 |     2 |    11 |     5 |     3 ||    24
         Potion            |     1 |     1 |       |     4 |     6 ||    12
   Stab: Paralysed         |       |     1 |       |       |       ||     1
         Sleeping          |       |       |     1 |       |       ||     1
         Distracted        |       |       |       |     1 |     1 ||     2
 Armour: Skin              |    28 |    49 |    85 |   176 |    36 ||   374
  Dodge: Dodged            |    11 |    47 |   110 |   181 |    54 ||   403
  Block: Buckler           |     5 |    10 |     2 |       |       ||    17
